 Dungeon Crawl Stone Soup version 0.14.1-9-g552248a (webtiles) character file.

176 Indrah22 the Stinger (level 4, -3/24 HPs)
             Began as a Gargoyle Venom Mage on May 23, 2014.
             Killed from afar by Crazy Yiuf (8 damage)
             ... with a wand of flame
             ... on Level 2 of the Dungeon.
             The game lasted 00:10:58 (2290 turns).

Indrah22 the Stinger (Gargoyle Venom Mage)          Turns: 2290, Time: 00:10:59

HP  -3/24        AC  5     Str 12      XL: 4   Next: 26%
MP   2/7         EV 12     Int 16      God:
Gold 104         SH  0     Dex 10      Spells:  2 memorised,  3 levels left

rFire  . . .     SeeInvis .     n - +2 dagger (venom)
rCold  . . .     Clarity  .     a - +0 robe
rNeg   + + .     Conserve .     (no shield)
rPois  +         rCorr    .     (no helmet)
rElec  +         rRot     +     (no cloak)
SustAb . .       Spirit   .     (no gloves)
rMut   .         Warding  +     (no boots)
Saprov . . .     Stasis   .     q - amulet of warding
MR     .....                    (no ring)
                                (no ring)

@: very slightly contaminated, not resistant to hostile enchantments, fairly
stealthy
A: life protection 1, electricity resistance, unbreathing, petrification
resistance, AC +3
a: no special abilities


You were on level 2 of the Dungeon.
You were not hungry.

You visited 1 branch of the dungeon, and saw 2 of its levels.

You collected 104 gold pieces.

Inventory:

Hand weapons
 f - a +0,+0 club
 g - a +0,+0 short sword
 n - a +2,+2 dagger of venom (weapon)
Missiles
 h - 8 curare-tipped needles
 j - 6 needles of confusion
 r - 18 poisoned needles
 s - 30 bolts
 t - 15 arrows
 u - 17 darts of frost (quivered)
Armour
 a - a +0 robe (worn)
Magical devices
 p - a wand of slowing (10)
Comestibles
 c - 3 bread rations
 d - a pear
Scrolls
 e - a scroll of teleportation
 i - a scroll of identify
 k - a scroll of enchant armour {unknown}
 l - a scroll of immolation {unknown}
Jewellery
 m - a cursed ring of teleportation {unknown}
 q - an amulet of warding (around neck)
Books
 b - a Young Poisoner's Handbook

   Spells                             Type                      Level
   *Sting                             Conjuration/Poison           1
   Cure Poison                        Poison                       2
   *Mephitic Cloud                    Conjuration/Poison/Air       3
   Olgreb's Toxic Radiance            Poison                       4
   Venom Bolt                         Conjuration/Poison           5


   Skills:
 - Level 2.1 Short Blades
 - Level 1.5 Dodging
 - Level 2.1 Stealth
 - Level 2.0 Spellcasting
 + Level 1.6 Conjurations
 - Level 4.5 Poison Magic


You had 3 spell levels left.
You knew the following spells:

 Your Spells              Type           Power        Failure   Level  Hunger
a - Sting                 Conj/Pois      ##..         8%          1    #......
b - Mephitic Cloud        Conj/Pois/Air  #.......     28%         3    ####...


Dungeon Overview and Level Annotations

Branches:
Dungeon (2/15)

Altars:

Annotations:
D:2 Crazy Yiuf


Innate Abilities, Weirdness & Mutations

You are resistant to torment.
You are immune to poison.
You are immune to rotting.
Your stone body is very resilient (AC +3).
You resist negative energy.
You are resistant to electric shocks.
You can survive without breathing.
You are immune to petrification.


Message History

Confirm with . or Enter, or press ? or * to list all spells.
Aiming: Mephitic Cloud
Press: ? - help, Shift-Dir - straight line, f/p - Crazy Yiuf
Aim: Crazy Yiuf, wielding a quarterstaff of chaos, wearing a cloak and carrying a wand of flame {zapped: 2} (heavily wounded, poisoned)
You miscast Mephitic Cloud.
You are very lightly contaminated with residual magic.
You feel faint for a moment.
Crazy Yiuf whimpers, "Tonal!"
Casting: Mephitic Cloud
Confirm with . or Enter, or press ? or * to list all spells.
You don't have enough magic to cast that spell.
Read which item? (? for menu, Esc to quit)
As you read the scroll of fear, it crumbles to dust.
You assume a fearsome visage.
Crazy Yiuf looks frightened!
Crazy Yiuf zaps a wand.
The puff of flame hits you!
* * * LOW HITPOINT WARNING * * *
Crazy Yiuf looks more healthy.
Crazy Yiuf gives up.
Crazy Yiuf zaps a wand.
The puff of flame hits you!
You die...

##g #... #.# #.##
##.# #)# #g## #.#
##.## #.# #...## #.#
#....# #.# #....#
#.# #...@# #.#
##...#############.#
##................#
##################


You could see Crazy Yiuf (fleeing).

Vanquished Creatures
  Jessica (D:2)
  An adder (D:2)
  A worm (D:2)
  A giant gecko (D:1)
  4 giant cockroaches
  7 hobgoblins
  3 bats
  2 giant newts (D:2)
  10 goblins
  4 kobolds
  6 rats
40 creatures vanquished.

Notes
Turn   | Place    | Note
--------------------------------------------------------------
     0 | D:1      | Indrah22, the Gargoyle Venom Mage, began the quest for the Orb.
     0 | D:1      | Reached XP level 1. HP: 10/10 MP: 3/3
   221 | D:1      | Reached XP level 2. HP: 15/15 MP: 2/4
   732 | D:1      | Reached skill level 1 in Short Blades
  1052 | D:2      | Reached XP level 3. HP: 19/19 MP: 6/6
  1057 | D:2      | Learned a level 3 spell: Mephitic Cloud
  1409 | D:2      | Noticed Jessica
  1452 | D:2      | Killed Jessica
  1874 | D:2      | Reached XP level 4. HP: 24/24 MP: 7/7
  2103 | D:2      | Reached skill level 1 in Conjurations
  2278 | D:2      | Noticed Crazy Yiuf
  2290 | D:2      | Killed from afar by Crazy Yiuf

Action                   |  1- 3 |  4- 6 || total
-------------------------+-------+-------++-------
Melee: Dagger            |    39 |    12 ||    51
       Short sword       |     2 |       ||     2
       Unarmed           |     1 |       ||     1
 Cast: Sting             |    40 |    12 ||    52
Evoke: Wand              |       |     4 ||     4
  Use: Scroll            |     4 |     1 ||     5
 Stab: Sleeping          |     1 |       ||     1
